 Dungeon Crawl Stone Soup version 0.30-a0-586-g23e55c9e0a (webtiles) character file.

Game seed: 11888407710831532089

1483794 cforsyth the Middleweight Champion (level 27, 255/273 HPs)
             Began as a Ghoul Monk on Jan 4, 2023.
             Was a High Priest of Okawaru.
             Escaped with the Orb
             ... and 3 runes!
             The game lasted 03:10:33 (104696 turns).

cforsyth the Middleweight Champion (Ghoul Monk)   Turns: 104696, Time: 03:10:33

Health: 255/273    AC: 50    Str: 31    XL:     27
Magic:  34/34      EV: 11    Int: 10    God:    Okawaru [*****.]
Gold:   6392       SH: 24    Dex: 19    Spells: 26/26 levels left

rFire   + + .      SeeInvis .      - Unarmed
rCold   + + .      Faith    .    D - +5 kite shield
rNeg    + + +      Spirit   .    e - +6 gold dragon scales
rPois   ∞          Reflect  +    i - +2 helmet {Int+3}
rElec   +          Harm     .    Z - +2 cloak {Will+}
rCorr   .          Rampage  .    J - +0 pair of gloves of the Jabberwock {rF+ Str+4}
Will    +++..                    l - +1 pair of boots of the Jackalope {rElec} Stlth
                                 A - amulet of reflection
HPRegen 0.00/turn                I - +4 ring of slaying
MPRegen 0.24/turn                K - ring "Zuejyph" {AC+4 Dex+8}

@: inhibited regen, studying Stealth
A: claws 1, cold resistance 1, negative energy resistance 3, inhibited
regeneration, torment resistance 2, devour on kill
0: Orb of Zot
}: 3/15 runes: decaying, serpentine, silver
a: Renounce Religion, Heroism, Finesse, Duel


You escaped.
You worshipped Okawaru.
Okawaru was extremely pleased with you.
You visited 12 branches of the dungeon, and saw 52 of its levels.
You visited the Abyss 3 times.
You visited 1 bazaar.
You also visited: Bailey, Ice Cave and Wizlab.

You collected 8732 gold pieces.
You spent 2340 gold pieces at shops.

Inventory:

Hand Weapons
 a - the +8 hand crossbow "Concordance" {freeze, Int+7}
   (Okawaru gifted it to you on level 1 of the Lair of Beasts)

   Any ammunition fired from it freezes those it strikes, dealing additional
   cold damage.
   It can also slow down cold-blooded creatures.
   Int:       It affects your intelligence (+7).
Missiles
 v - 4 throwing nets (quivered)
Armour
 e - +6 gold dragon scales (worn)
 i - a +2 helmet of intelligence (worn)
 l - the +1 pair of boots of the Jackalope (worn) {rElec}
   (Okawaru gifted it to you on level 4 of the Lair of Beasts)

   rElec:     It insulates you from electricity.
 u - a +2 cloak of preservation
 D - a +5 kite shield (worn)
 J - the +0 pair of gloves of the Jabberwock (worn) {rF+ Str+4}
   (Okawaru gifted it to you on level 14 of the Dungeon)

   Str:       It affects your strength (+4).
   rF:        It protects you from fire.
 N - a +3 plate armour of fire resistance
 T - the +15 Maxwell's patent armour {-Cast -Tele rElec Will+ rCorr}
   (You found it on level 1 of the Lair of Beasts)

   rElec:     It insulates you from electricity.
   -Cast:     It prevents spellcasting.
   -Tele:     It prevents most forms of teleportation.
   rCorr:     It protects you from acid and corrosion.
   Will:      It increases your willpower.
 Z - a +2 cloak of willpower (worn)
Jewellery
 w - a ring of willpower
 A - an amulet of reflection (around neck)
 B - a ring of protection from cold
 I - a +4 ring of slaying (left hand)
 K - the ring "Zuejyph" (right hand) {AC+4 Dex+8}
   (You found it on level 2 of the Depths)

   [ring of protection]

   AC:        It affects your AC (+4).
   Dex:       It affects your dexterity (+8).
 L - a ring of resist corrosion
 M - an amulet of regeneration
 P - a +4 ring of protection
 Q - a ring of willpower
 S - a ring of protection from fire
 U - the ring "Plog" {+Blink Fly}
   (You took it off a deep elf knight on level 3 of the Elven Halls)

   [ring of flight]

   Fly:       It grants you flight.
   +Blink:    It lets you blink.
 V - a +6 ring of strength
 W - a ring of see invisible
 Y - a ring of flight
Wands
 m - a wand of flame (189)
 r - a wand of light (29)
 y - a wand of iceblast (50)
 O - a wand of polymorph (16)
 X - a wand of digging (33)
Scrolls
 d - 4 scrolls of fear
 g - 7 scrolls of vulnerability
 o - 5 scrolls of torment
 p - 4 scrolls of enchant weapon
 q - 8 scrolls of fog
 t - 19 scrolls of teleportation
 x - 8 scrolls of blinking
 z - 8 scrolls of magic mapping
 E - 6 scrolls of enchant armour
 F - 9 scrolls of poison
 H - 5 scrolls of silence
Potions
 b - 4 potions of ambrosia
 c - 26 potions of curing
 f - 4 potions of heal wounds
 h - 11 potions of cancellation
 j - 7 potions of flight
 k - 6 potions of brilliance
 n - 3 potions of haste
 s - 4 potions of might
 C - 15 potions of attraction
 G - 3 potions of resistance
 R - 8 potions of magic


   Skills:
 O Level 27 Fighting
 + Level 13.1 Ranged Weapons
 O Level 27 Armour
 + Level 7.7 Dodging
 - Level 2.1 Stealth
 + Level 14.5 Shields
 O Level 27 Unarmed Combat
 - Level 17.9 Invocations


You had 26 spell levels left.
You didn't know any spells.
Your spell library contained the following spells:

 Spells                   Type           Power      Damage    Failure   Level
 Apportation              Tloc           0%         N/A       98%         1
 Foxfire                  Conj/Fire      0%         2x1d4     98%         1
 Freeze                   Ice            0%         1d3       98%         1
 Kiss of Death            Conj/Necr      0%         2d5       98%         1
 Necrotise                Necr           0%         1d4       98%         1
 Sandblast                Erth           0%         2d4       98%         1
 Shock                    Conj/Air       0%         1d3       98%         1
 Slow                     Hex            0%         N/A       98%         1
 Cigotuvi's Dreadful Rot  Necr/Pois/Air  0%         N/A       99%         2
 Ensorcelled Hibernation  Hex/Ice        0%         N/A       99%         2
 Passwall                 Tmut/Erth      0%         N/A       99%         2
 Poisonous Vapours        Pois/Air       0%         N/A       99%         2
 Scorch                   Fire           0%         2d5       99%         2
 Confusing Touch          Hex            0%         N/A       100%        3
 Dazzling Flash           Conj/Hex       0%         N/A       100%        3
 Frozen Ramparts          Ice            0%         1d1       100%        3
 Gell's Gravitas          Tloc           0%         N/A       100%        3
 Hailstorm                Conj/Ice       0%         3d3       100%        3
 Inner Flame              Hex/Fire       0%         N/A       100%        3
 Kindle Blastsparks       Fire/Tloc/Air  0%         2d10      100%        3
 Mephitic Cloud           Conj/Pois/Air  0%         N/A       100%        3
 Ozocubu's Armour         Ice            0%         N/A       100%        3
 Portal Projectile        Hex/Tloc       0%         N/A       100%        3
 Swiftness                Air            0%         N/A       100%        3
 Teleport Other           Tloc           0%         N/A       100%        3
 Vampiric Draining        Necr           0%         2d6       100%        3
 Vhi's Electric Charge    Tloc/Air       0%         N/A       100%        3
 Airstrike                Air            0%         2d(0-16)  100%        4
 Anguish                  Hex/Necr       0%         N/A       100%        4
 Cause Fear               Hex            0%         N/A       100%        4
 Dispel Undead            Necr           0%         3d6       100%        4
 Flame Wave               Conj/Fire      0%         2d4       100%        4
 Fulminant Prism          Conj/Hex       0%         3d5       100%        4
 Iskenderun's Mystic Bla  Conj/Tloc      0%         2d3       100%        4
 Leda's Liquefaction      Hex/Erth       0%         N/A       100%        4
 Manifold Assault         Tloc           0%         N/A       100%        4
 Olgreb's Toxic Radiance  Pois           0%         N/A       100%        4
 Passage of Golubria      Tloc           0%         N/A       100%        4
 Petrify                  Tmut/Erth      0%         N/A       100%        4
 Alistair's Intoxication  Tmut/Pois      0%         N/A       100%        5
 Arcjolt                  Conj/Air       0%         1d10      100%        5
 Borgnjor's Vile Clutch   Necr/Erth      0%         N/A       100%        5
 Fireball                 Conj/Fire      0%         3d3       100%        5
 Freezing Cloud           Conj/Ice/Air   0%         6-21      100%        5
 Irradiate                Conj/Tmut      0%         3d11      100%        5
 Iskenderun's Battlesphe  Conj           0%         2d6       100%        5
 Lee's Rapid Deconstruct  Erth           0%         3d4*      100%        5
 Metabolic Englaciation   Hex/Ice        0%         N/A       100%        5
 Silence                  Hex/Air        0%         N/A       100%        5
 Conjure Ball Lightning   Conj/Air       0%         3x3d7     100%        6
 Dispersal                Tloc           0%         N/A       100%        6
 Eringya's Noxious Bog    Tmut/Pois      0%         N/A       100%        6
 Iron Shot                Conj/Erth      0%         9d1       100%        6
 Starburst                Conj/Fire      0%         6d3       100%        6
 Enfeeble                 Hex            0%         N/A       100%        7
 Orb of Destruction       Conj           0%         9d5       100%        7
 Ozocubu's Refrigeration  Ice            0%         4d7       100%        7
 Discord                  Hex            0%         N/A       100%        8
 Lehudib's Crystal Spear  Conj/Erth      0%         10d2      100%        8
 Maxwell's Capacitive Co  Air            0%         ∞         100%        8
 Chain Lightning          Conj/Air       0%         N/A       100%        9
 Fire Storm               Conj/Fire      0%         5d1       100%        9
 Polar Vortex             Ice            0%         N/A       100%        9
 Shatter                  Erth           0%         3d5*      100%        9
 Summon Small Mammal      Summ           Unusable   N/A       N/A         1
 Sublimation of Blood     Necr           Unusable   N/A       N/A         2
 Call Canine Familiar     Summ           Unusable   N/A       N/A         3
 Spider Form              Tmut/Pois      Unusable   N/A       N/A         3
 Tukima's Dance           Hex            Unusable   N/A       N/A         3
 Animate Armour           Summ/Erth      Unusable   N/A       N/A         4
 Blade Hands              Tmut           Unusable   N/A       N/A         5
 Simulacrum               Ice/Necr       Unusable   N/A       N/A         6
 Statue Form              Tmut/Erth      Unusable   N/A       N/A         6
 Summon Cactus Giant      Summ           Unusable   N/A       N/A         6

Dungeon Overview and Level Annotations

Branches:
Dungeon (15/15)            Temple (1/1) D:4            Lair (5/5) D:8
  Swamp (4/4) Lair:3        Snake (4/4) Lair:3        Slime (0/5) Lair:5
    Orc (2/2) D:9             Elf (3/3) Orc:2        Vaults (5/5) D:13
  Crypt (3/3) Vaults:2       Tomb (1/3) Crypt:3      Depths (4/4) D:15
    Zot (5/5) Depths:4     Bailey (visited)           IceCv (visited)
 WizLab (visited)

Altars:
Ashenzari
Cheibriados
Dithmenos
Fedhas
Gozag
Hepliaklqana
Kikubaaqudgha
Makhleb
Okawaru
Qazlal
Ru
Sif Muna
Trog
Uskayaw
Vehumet
Wu Jian
Xom
Yredelemnul
Jiyva

Shops:
D:5 ?   D:6 (   D:13 :=   Orc:2 *:(   Elf:1 :   Elf:2 ?:*[[   Vaults:1 [
Vaults:5 [   Depths:1 (

Portals:
Hell: Depths:1 Depths:2 Depths:3 Depths:4
Abyss: Elf:1 Depths:3 Depths:4
Pandemonium: Depths:2
Ziggurat: Depths:1

Annotations:
Temple 2 transporters
Depths:3 2 transporters
Depths:4 3 runed translucent doors


Innate Abilities, Weirdness & Mutations

You are immune to poison.
You have sharp fingernails.
Your flesh is cold resistant. (rC+)
You are immune to negative energy. (rN+++)
You do not regenerate when monsters are visible.
You are immune to unholy pain and torment.
You thrive by killing the living.


Message History

(D) Dungeon (T) Temple (L) Lair (S) Swamp (P) Snake Pit (M) Slime Pits (O) Orcish Mines (E) Elven Halls (V) Vaults (C) Crypt (W) Tomb (U) Depths (H) Hell (Z) Zot
Where to? (Enter - D:3, ? - help)
Items here: ))) [.
Fituader comes into view.
Fituader moves out of view.
Fituader gestures at you.
The sphere of damnation explodes!
The damnation engulfs you!! Fituader gestures at you.
The sphere of damnation explodes!
The damnation engulfs you!!
A tentacled monstrosity comes into view.
There is a stone staircase leading up here.
You climb upwards.
There is a stone staircase leading down here.
(D) Dungeon (T) Temple (L) Lair (S) Swamp (P) Snake Pit (M) Slime Pits (O) Orcish Mines (E) Elven Halls (V) Vaults (C) Crypt (W) Tomb (U) Depths (H) Hell (Z) Zot
Where to? (Enter - D:2, ? - help)
There is a stone staircase leading up here.
You climb upwards.
There is a stone staircase leading down here.
(D) Dungeon (T) Temple (L) Lair (S) Swamp (P) Snake Pit (M) Slime Pits (O) Orcish Mines (E) Elven Halls (V) Vaults (C) Crypt (W) Tomb (U) Depths (H) Hell (Z) Zot
Where to? (Enter - D:1, ? - help)
Okay, then.
Aiming: Dig
Press: ? - help, Shift-Dir - straight line A rock wall.
This square is covered in magical glow.
The rock shatters into small pieces.
A blizzard demon comes into view.
A Firghil, a ynoxinul and an Executioner come into view.
There is a staircase leading out of the dungeon here.
The Executioner gives a hideous shriek!
You have escaped!

##### ### ######.# #..##
##.....# #...# #########
#...##.#
#...###..18...###...##.#
#...##3.8...8..##...##.#
#...#8.........8#...##.#
#......8.&(..8.........#
##...#8.........8#...#..#
#....##..8.@.8.2##...##.#
#....###...8...#.#...##.#
#....#
##########.....#.##
#...## ##..2....#
#.###### #### ##.####.#
#..###.# #..# ##.###.##
##.....# #.[# #.##...#
#####.# #..# #......# #.#
#..# #..#...#


You could see Firghil, an Executioner, a blizzard demon and a ynoxinul.

Vanquished Creatures
  3 dread liches
  2 ancient liches (Zot:5)
  8 orbs of fire
  2 juggernauts (Depths:4)
  2 Killer Klowns (Zot:5)
  Frederick (Vaults:2)
  Xtahua (Depths:3)
  Saint Roka (Depths:3)
  3 curse toes
  5 caustic shrikes (Depths:4)
  11 golden dragons
  the Enchantress (Depths:1)
  Jory (Vaults:2)
  Nikola (Elf:2)
  6 bone dragons
  The ghost of varamyr the Warrior, an adept DrEE of Vehumet (Elf:2)
  2 doom hounds (Crypt:2)
  2 electric golems (Zot:5)
  Jorgrun (Swamp:2)
  A Tzitzimitl (Crypt:2)
  A Brimstone Fiend (Depths:2)
  Rupert (Lair:4)
  26 Orb Guardians
  17 tentacled monstrosities
  The ghost of DeathPants the Tortoise, an adept MiGl of Gozag (Swamp:4)
  8 quicksilver dragons
  3 deep elf blademasters
  An Ice Fiend (Depths:2)
  9 liches
  Grunn (Crypt:3)
  3 titans
  2 deep elf master archers (Elf:3)
  An acid blob (shapeshifter) (Vaults:1)
  11 sphinxes
  Asterion (Elf:2)
  An Executioner (D:12)
  2 acid blobs (Depths:1)
  11 ancient champions
  Frances (Snake:1)
  3 tentacled starspawn
  7 death cobs
  The ghost of demibob the Pandemonic, an adept DsGl of Makhleb (Snake:4)
  Gastronok (D:10)
  The ghost of Amikeex the Brawler, an adept TrMo of Nemelex Xobeh (Depths:1)
  8 tengu reavers
  A thorn hunter (Swamp:3)
  Kirke (Lair:4)
  7 shadow dragons
  13 storm dragons
  The ghost of Eciono the Covert, an adept GnDe of Okawaru (Elf:1)
  Roxanne (Elf:2)
  9 draconian monks
  Donald (Orc:1)
  3 revenants
  2 azure jellies (Depths:2)
  10 draconian knights
  5 fire giants
  8 frost giants
  4 deep elf sorcerers
  An iron dragon (Depths:3)
  Aizul (Swamp:2)
  15 vault wardens
  3 draconian scorchers
  Louise (Snake:1)
  7 draconian shifters
  A curse skull (Crypt:2)
  An orc warlord (Vaults:2)
  12 ghouls
  A cacodemon (Elf:1)
  A draconian stormcaller (Zot:4)
  6 draconian annihilators
  6 deep elf elementalists (Elf:3)
  4 reapers
  23 ironbound preservers
  5 spriggan defenders
  5 war gargoyles
  22 very ugly things
  2 quicksilver oozes (Depths:1)
  2 caustic shrike skeletons (Crypt:3)
  11 stone giants
  6 vampire knights
  5 deep elf annihilators
  13 green draconians
  9 ironbound thunderhulks
  The ghost of Kilil the Black Sun, a journeyman DrNe of Kikubaaqudgha (Lair:4)
  10 black draconians
  19 red draconians
  8 deep elf demonologists
  6 eleionomae
  13 white draconians
  21 yellow draconians
  17 dire elephants
  2 spark wasps (Depths:2)
  8 bunyips
  An iron golem (Depths:4)
  19 purple draconians
  A merfolk javelineer (Depths:1)
  5 eidola
  14 deep elf death magi
  6 mummy priests
  Josephine (Snake:1)
  2 shambling mangroves
  12 fire dragons
  10 ice dragons
  11 ettins
  4 rakshasas
  2 entropy weavers (Vaults:2)
  Harold (Lair:2)
  4 deep elf high priests
  2 salamander tyrants (Snake:4)
  28 jiangshi
  14 yaktaur captains
  Erolcha (Orc:1)
  8 great orbs of eyes
  20 hydras
  5 spriggan skeletons
  A peacekeeper (Vaults:4)
  35 vault guards
  2 ghost crabs
  2 caustic shrike simulacra (IceCv)
  6 spriggan air magi
  8 ironbound frosthearts
  A quicksilver dragon skeleton (Crypt:3)
  14 alligators
  6 catoblepae
  4 deep troll shamans (Depths:2)
  7 ogre magi
  A two-headed ogre (shapeshifter) (Vaults:5)
  10 centaur warriors
  An anaconda (shapeshifter) (Elf:1)
  26 dancing weapons
  10 naga warriors
  24 two-headed ogres
  4 boulder beetles
  13 anacondas
  12 tengu warriors
  15 vampire magi
  Urug (Orc:1)
  4 deep troll earth magi
  4 hell hogs (Depths:3)
  3 titan zombies
  19 naga sharpshooters
  6 spriggan berserkers
  7 shock serpents
  A sun demon (Depths:2)
  6 death scarabs (Tomb:1)
  A thrashing horror (Abyss:4)
  A shock serpent (shapeshifter) (Depths:2)
  A fire crab (Lair:3)
  19 deep elf knights
  6 hell knights
  3 soul eaters
  A storm dragon zombie (Crypt:2)
  4 titan skeletons
  An iron troll (shapeshifter) (Vaults:5)
  2 wretched stars
  9 large abominations
  A shadow wraith (Crypt:3)
  Amaemon (Lair:2)
  5 salamander mystics
  59 skeletal warriors
  A sixfirhy (Abyss:4)
  A storm dragon skeleton (Crypt:1)
  A sea snake (shapeshifter) (Vaults:4)
  2 bunyip zombies
  69 deep trolls
  5 glowing orange brains
  6 spriggan druids (Swamp:3)
  4 goliath frogs (Swamp:1)
  2 obsidian statues
  5 iron trolls
  17 lindwurms
  5 spriggan simulacra
  A bunyip skeleton (Crypt:2)
  3 naga ritualists
  12 deep elf archers
  A lindwurm (shapeshifter) (Abyss:4)
  Pikel (D:5)
  21 ironbound convokers
  8 wizards
  9 swamp dragons
  3 flayed ghosts
  4 bog bodies
  12 necromancers
  11 orc knights
  An orange crystal statue (IceCv)
  An iron giant skeleton (Crypt:3)
  21 phantasmal warriors
  24 deep elf zephyrmancers
  A wolf spider zombie (D:15)
  2 anaconda skeletons (Crypt:3)
  A harpy (Vaults:3)
  3 human zombies
  30 deep elf pyromancers
  A mana viper (shapeshifter) (Elf:1)
  A stone giant zombie (WizLab)
  18 salamanders
  3 cyclopes
  An oklob plant (Lair:5)
  16 mana vipers
  A fire giant zombie (WizLab)
  5 orc sorcerers
  29 ugly things
  2 glowing shapeshifters
  A frost giant zombie (Vaults:3)
  3 manticores
  2 fire giant skeletons
  2 worldbinders (Abyss:4)
  32 moths of wrath
  A dire elephant zombie (Tomb:1)
  4 will-o-the-wisps
  2 tengu skeletons
  A sphinx skeleton (Crypt:3)
  9 centaur zombies
  A frost giant skeleton (Crypt:3)
  10 guardian serpents
  An apocalypse crab (Elf:1)
  3 elephants (Lair:3)
  4 eyes of devastation
  A demonspawn zombie (WizLab)
  A stone giant skeleton (Crypt:1)
  4 centaur skeletons
  6 naga magi
  A smoke demon (Abyss:4)
  An iron dragon skeleton (Crypt:3)
  33 black mambas
  A titan simulacrum (Abyss:3)
  4 orange demons
  7 torpor snails
  4 gargoyles
  20 vault sentinels
  A demonic crawler (Abyss:3)
  Maggie (D:7)
  3 naga skeletons
  3 unseen horrors
  5 rime drakes
  12 komodo dragons
  13 cane toads
  A dire elephant skeleton (Crypt:2)
  An efreet (Zot:1)
  26 yaktaurs
  A hellion (Zot:5)
  A steelbarb worm zombie (Crypt:3)
  8 freezing wraiths
  Psyche (D:7)
  An orb spider zombie (Crypt:3)
  A tormentor (Depths:2)
  14 guardian mummies
  An alligator snapping turtle skeleton (Crypt:3)
  A black draconian zombie (Crypt:3)
  9 tengu conjurers
  2 ancient zymes
  A green draconian skeleton (Crypt:1)
  A spark wasp simulacrum (Depths:2)
  3 ice devils (IceCv)
  A purple draconian skeleton (Crypt:2)
  5 harpy zombies
  3 meliai (D:13)
  7 trolls
  4 polar bears
  A hellwing (Depths:2)
  30 hornets
  11 tyrant leeches
  7 harpy skeletons
  A dream sheep (shapeshifter) (Vaults:2)
  A tengu simulacrum (Vaults:3)
  A satyr zombie (Crypt:3)
  2 spriggan zombies
  20 blink frogs
  11 dream sheep
  A deep troll zombie (Vaults:3)
  A meliai zombie (D:15)
  An ettin zombie (WizLab)
  A hydra skeleton (Crypt:3)
  5 ettin skeletons
  12 flying skulls
  27 spriggans
  4 shadows
  Sigmund (D:6)
  17 slime creatures
  4 air elementals
  2 vampires (D:15)
  7 wraiths
  A dire elephant simulacrum (IceCv)
  2 wyverns
  4 water elementals
  A culicivora (shapeshifter) (D:15)
  3 ynoxinuls
  8 basilisks
  A human (shapeshifter) (Vaults:5)
  3 minotaur simulacra (IceCv)
  7 starcursed masses
  39 yaks
  An ushabti (Tomb:1)
  A wind drake zombie (Crypt:2)
  22 fire elementals
  7 neqoxecs
  21 humans
  7 vampire mosquitoes
  5 wargs
  5 chaos spawn (Depths:3)
  6 redbacks
  42 nagas
  Edmund (D:5)
  A glowing shapeshifter zombie (WizLab)
  5 acid dragons
  16 swamp worms
  10 water moccasins
  A floating eye (shapeshifter) (Depths:4)
  A hydra simulacrum (IceCv)
  A fire bat skeleton (Crypt:1)
  A human skeleton (Depths:2)
  34 orc warriors
  8 swamp drakes
  A deep troll skeleton (Crypt:3)
  2 ice beasts
  An alligator simulacrum (IceCv)
  A merfolk skeleton (Crypt:1)
  A cane toad skeleton (Crypt:1)
  A dream sheep zombie (Crypt:1)
  2 black bears
  16 wolves
  4 boggarts
  10 centaurs
  32 ogres
  4 kobold brigands
  4 phantoms
  A lemure (D:5)
  A rime drake skeleton (Crypt:3)
  3 deep troll simulacra (IceCv)
  A salamander zombie (Crypt:2)
  17 bullfrogs
  A glowing shapeshifter simulacrum (Vaults:3)
  2 gnoll sergeants
  6 necrophages
  3 scorpions
  14 wights
  2 lindwurm simulacra (IceCv)
  4 electric eels
  4 howler monkeys
  5 small abominations
  4 crimson imps
  3 jellies
  2 hounds
  16 orc priests
  2 iguanas
  21 orc wizards
  4 boggart zombies (D:15)
  7 hell rats
  4 polar bear simulacra (D:13)
  2 yak simulacra (D:13)
  4 wolf simulacra (D:13)
  2 tengu zombies
  An ogre skeleton (Crypt:3)
  A hound skeleton (Crypt:1)
  4 mummies (Tomb:1)
  17 gnolls
  2 adders
  A shadow imp (D:8)
  3 white imps
  An ufetubus (D:6)
  A lava snake zombie (Crypt:2)
  A worm (D:2)
  A dart slug (D:5)
  90 orcs
  7 ball pythons
  2 bats
  A bat zombie (Crypt:2)
  An endoplasm (D:2)
  2 giant cockroaches (D:1)
  12 hobgoblins
  13 jackals
  7 quokkas
  A ball python skeleton (Crypt:2)
  11 goblins
  32 kobolds
  An orc skeleton (Crypt:3)
  A quokka zombie (Crypt:1)
  3 rats
  A river rat simulacrum (D:13)
2569 creatures vanquished.

Vanquished Creatures (others)
  A fire giant (Depths:3)
  A yellow draconian (Zot:1)
  A deep elf knight (Elf:1)
  2 deep elf pyromancers
  A deep elf archer (Elf:1)
  A deep elf zephyrmancer (Elf:3)
  An unseen horror (Depths:3)
  A yaktaur (Vaults:2)
  A bloated husk (Swamp:3)
  A spriggan (Swamp:4)
  2 fire elementals (Zot:1)
  An acid dragon (D:7)
  A naga (Snake:4)
  A small abomination (Abyss:4)
  An orc warrior (Vaults:5)
  A swamp drake (Swamp:4)
  A shadow imp (Abyss:4)
  An orc (D:8)
  2 bushes (Lair:5)
  21 foxfires
  25 fungi
  A lurking horror (Abyss:3)
  187 plants
  2 starspawn tentacles (Abyss:4)
  7 withered plants (D:15)
265 creatures vanquished.

Grand Total: 2834 creatures vanquished

Notes
Turn   | Place    | Note
-------+----------+-------------------------------------------
     0 | D:1      | cforsyth the Ghoul Monk began the quest for the Orb.
     0 | D:1      | Reached XP level 1. HP: 19/19 MP: 0/0
   245 | D:1      | Found a faded altar of an unknown god.
   378 | D:1      | Reached XP level 2. HP: 23/26 MP: 1/1
   947 | D:2      | Reached XP level 3. HP: 19/33 MP: 2/2
  1413 | D:3      | Reached XP level 4. HP: 25/41 MP: 3/3
  1493 | D:3      | Found a shimmering altar of Xom.
  1737 | D:4      | Reached skill level 5 in Fighting
  1737 | D:4      | Reached skill level 5 in Unarmed Combat
  1737 | D:4      | Reached XP level 5. HP: 31/48 MP: 4/4
  1880 | D:4      | Reached XP level 6. HP: 37/56 MP: 5/5
  2850 | D:4      | Identified the +4 chain mail "Yklietee" {Rampage rCorr}
  3224 | D:4      | Found a staircase to the Ecumenical Temple.
  3313 | Temple   | Entered the Ecumenical Temple
  3313 | Temple   | Found a transporter.
  3313 | Temple   | Found a transporter.
  3315 | Temple   | Found a transporter.
  3315 | Temple   | Found a transporter.
  3329 | Temple   | Became a worshipper of Warmaster Okawaru
  3329 | Temple   | Reached * piety under Okawaru
  3329 | Temple   | Reached ** piety under Okawaru
  3462 | D:5      | Entered Level 5 of the Dungeon
  3462 | D:5      | Noticed an ice beast
  3485 | D:5      | Killed an ice beast
  3486 | D:5      | Reached XP level 7. HP: 35/64 MP: 6/6
  3818 | D:5      | Found a broken altar of Ashenzari.
  3903 | D:5      | Noticed Edmund
  3916 | D:5      | Killed Edmund
  3916 | D:5      | Reached *** piety under Okawaru
  3917 | D:5      | Reached XP level 8. HP: 29/74 MP: 7/7
  4230 | D:5      | Noticed Pikel
  4246 | D:5      | Killed Pikel
  4686 | D:5      | Found Aziqeez's Magic Scroll Boutique.
  4691 | D:5      | Bought a scroll of blinking for 105 gold pieces
  4827 | D:5      | Reached **** piety under Okawaru
  4828 | D:5      | Reached XP level 9. HP: 83/83 MP: 8/8
  5084 | D:6      | Found Feunnott's Antique Weapon Emporium.
  5223 | D:6      | Noticed Sigmund
  5228 | D:6      | Killed Sigmund
  5451 | D:7      | Reached skill level 10 in Fighting
  5451 | D:7      | Reached skill level 10 in Unarmed Combat
  6211 | D:7      | Noticed Maggie
  6221 | D:7      | Killed Maggie
  6222 | D:7      | Reached skill level 1 in Armour
  6222 | D:7      | Reached skill level 1 in Shields
  6312 | D:7      | Found a basalt altar of Yredelemnul.
  6312 | D:7      | Found a snail-covered altar of Cheibriados.
  6314 | D:7      | Found a shimmering blue altar of Sif Muna.
  6316 | D:7      | Found a hazy altar of Hepliaklqana.
  6352 | D:8      | Found a staircase to the Lair.
  6353 | D:8      | Noticed a komodo dragon
  6375 | D:8      | Killed a komodo dragon
  6375 | D:8      | Reached ***** piety under Okawaru
  6376 | D:8      | Reached XP level 10. HP: 64/94 MP: 9/9
  6459 | D:8      | Noticed Psyche
  6463 | D:8      | Found a flagged portal.
  6469 | Bailey   | Entered a bailey
  6517 | Bailey   | Noticed an orc warlord
  7010 | Bailey   | Found a runed translucent gate.
  7018 | Bailey   | Found a runed translucent gate.
  7031 | Bailey   | Found a runed translucent gate.
  7820 | Abyss:1  | Cast into level 1 of the Abyss (Psyche)
  7828 | D:7      | Escaped the Abyss
  7835 | D:7      | Killed Psyche
  7836 | D:7      | Reached skill level 1 in Invocations
  9362 | D:9      | Found a staircase to the Orcish Mines.
  9381 | D:9      | Received a gift from Okawaru
  9742 | D:9      | Found a burning altar of Makhleb.
  9743 | D:9      | Noticed a green death
  9786 | D:9      | Noticed an angel
 10405 | D:9      | Found an ancient bone altar of Kikubaaqudgha.
 10640 | D:9      | Reached XP level 11. HP: 101/104 MP: 12/12
 10652 | D:9      | Noticed a centaur warrior
 10655 | D:9      | Killed a centaur warrior
 10901 | D:10     | Entered Level 10 of the Dungeon
 11181 | D:10     | Noticed a two-headed ogre
 11185 | D:10     | Killed a two-headed ogre
 11212 | D:10     | Noticed Gastronok
 11224 | D:10     | Killed Gastronok
 11594 | D:10     | Reached skill level 5 in Shields
 11642 | D:10     | Reached skill level 5 in Armour
 11762 | D:11     | Reached skill level 5 in Invocations
 11817 | D:11     | Noticed a two-headed ogre
 11822 | D:11     | Killed a two-headed ogre
 11822 | D:11     | Identified the +0 rapier "Lukusi" {heavy, *Slow Str+7 Dex+4
                  | SInv} (Okawaru gifted it to you on level 11 of the Dungeon)
 11822 | D:11     | Received a gift from Okawaru
 11918 | D:11     | Noticed a two-headed ogre
 11927 | D:11     | Killed a two-headed ogre
 13155 | D:12     | Noticed a manticore
 13165 | D:12     | Killed a manticore
 13326 | D:12     | Noticed a two-headed ogre
 13327 | D:12     | Reached XP level 12. HP: 113/113 MP: 15/15
 13335 | D:12     | Killed a two-headed ogre
 13367 | D:12     | Reached ****** piety under Okawaru
 13614 | D:12     | Identified the +2 cloak of the Fiend {Drain Fly rF- Slay+5}
                  | (Okawaru gifted it to you on level 12 of the Dungeon)
 13614 | D:12     | Received a gift from Okawaru
 13963 | D:12     | Noticed a boulder beetle
 13973 | D:12     | Killed a boulder beetle
 14561 | D:13     | Noticed a centaur warrior
 14572 | D:13     | Killed a centaur warrior
 14609 | D:13     | Found Celu's Book Shop.
 14779 | D:13     | Noticed a tengu warrior
 14808 | D:13     | Killed a tengu warrior
 14827 | D:13     | Noticed a centaur warrior
 14843 | D:13     | Killed a centaur warrior
 14848 | D:13     | Noticed a tengu warrior
 14877 | D:13     | Killed a tengu warrior
 14929 | D:13     | Found Sexaggan's Jewellery Shoppe.
 14986 | D:13     | Noticed a catoblepas
 14986 | D:13     | Noticed a centaur warrior
 15026 | D:13     | Killed a catoblepas
 15030 | D:13     | Killed a centaur warrior
 15891 | D:13     | Reached XP level 13. HP: 122/122 MP: 17/17
 15977 | D:13     | Noticed a vault guard
 15982 | D:13     | Noticed a vault guard
 16015 | D:12     | Killed a vault guard
 16015 | D:12     | Received a gift from Okawaru
 16260 | Lair:1   | Entered Level 1 of the Lair of Beasts
 16461 | Lair:1   | Found the +15 Maxwell's patent armour {-Cast -Tele rElec
                  | Will+ rCorr}
 16717 | Lair:1   | Identified the +8 hand crossbow "Concordance" {freeze,
                  | Int+7} (Okawaru gifted it to you on level 1 of the Lair of
                  | Beasts)
 16717 | Lair:1   | Received a gift from Okawaru
 17530 | Lair:2   | Noticed Harold
 17918 | Lair:2   | Killed Harold
 17970 | Lair:2   | Identified the +1 leather armour "Pafachia" {rC- rCorr
                  | Dex+4}
 18826 | Lair:3   | Noticed Amaemon
 18842 | Lair:2   | Killed Amaemon
 18895 | Lair:3   | Found a staircase to the Swamp.
 18919 | Lair:3   | Reached skill level 1 in Ranged Weapons
 19285 | Lair:3   | Found the +7 sceptre of Torment {pain, torment}
 19424 | Lair:3   | Reached XP level 14. HP: 121/132 MP: 20/20
 19775 | Lair:3   | Received a gift from Okawaru
 20360 | Lair:3   | Found a staircase to the Snake Pit.
 20604 | Lair:4   | Found a transporter.
 20694 | Lair:4   | Reached skill level 10 in Invocations
 20766 | Lair:4   | Noticed Kilil's ghost (journeyman DrNe)
 20781 | Lair:4   | Found a transporter.
 20958 | Lair:4   | Noticed Rupert
 21130 | Lair:4   | Killed Rupert
 21162 | Lair:4   | Identified the +1 pair of boots of the Jackalope {rElec}
                  | (Okawaru gifted it to you on level 4 of the Lair of Beasts)
 21162 | Lair:4   | Received a gift from Okawaru
 21199 | Lair:4   | Found a bloodstained altar of Trog.
 21523 | Lair:4   | Noticed Kirke
 21543 | Lair:4   | Killed Kirke
 21849 | Lair:5   | Entered Level 5 of the Lair of Beasts
 21886 | Lair:5   | Reached skill level 15 in Unarmed Combat
 22793 | Lair:5   | Reached skill level 5 in Ranged Weapons
 22879 | Lair:5   | Noticed a dire elephant
 23003 | Lair:5   | Found a viscous altar of Jiyva.
 23003 | Lair:5   | Found a staircase to the Slime Pits.
 23429 | Lair:5   | Killed a dire elephant
 23430 | Lair:5   | Reached XP level 15. HP: 112/138 MP: 18/21
 23522 | Lair:5   | Reached skill level 10 in Shields
 23555 | Lair:5   | Reached skill level 10 in Armour
 23774 | Lair:5   | Found a runed translucent door.
 23972 | Lair:5   | Identified the +4 fire dragon scales of Feasting {*Corrode
                  | rF++ rC- Will+ Dex+8} (Okawaru gifted it to you on level 5
                  | of the Lair of Beasts)
 23972 | Lair:5   | Received a gift from Okawaru
 24807 | Orc:1    | Entered Level 1 of the Orcish Mines
 25074 | Orc:2    | Entered Level 2 of the Orcish Mines
 25079 | Orc:2    | Noticed Erolcha
 25082 | Orc:2    | Noticed Donald
 25227 | Orc:1    | Killed Donald
 26894 | Orc:1    | Killed Erolcha
 27241 | Orc:2    | Found a staircase to the Elven Halls.
 27279 | Orc:2    | Found a burning altar of Makhleb.
 27437 | Orc:2    | Found Kitut's General Store.
 27437 | Orc:2    | Found Teissasu's Weapon Emporium.
 27444 | Orc:2    | Found Weisiasm's Book Emporium.
 27444 | Orc:2    | Found Nurigu's Antique Weapon Shop.
 27817 | Orc:2    | Bought a manual of Fighting for 1200 gold pieces
 27840 | Orc:1    | Noticed Urug
 27851 | Orc:1    | Killed Urug
 28426 | Orc:2    | Bought a +2 pair of gloves of hurling for 279 gold pieces
 28752 | D:13     | Reached XP level 16. HP: 122/146 MP: 22/22
 28881 | D:13     | Found a gate to the Vaults.
 29566 | D:14     | Identified the +0 pair of gloves of the Jabberwock {rF+
                  | Str+4} (Okawaru gifted it to you on level 14 of the
                  | Dungeon)
 29566 | D:14     | Received a gift from Okawaru
 29976 | D:15     | Entered Level 15 of the Dungeon
 31016 | D:15     | Noticed a storm dragon
 31028 | D:15     | Killed a storm dragon
 31029 | D:15     | Reached skill level 15 in Fighting
 32004 | D:15     | Found a staircase to the Depths.
 32227 | D:15     | Identified the -1 cloak of Umaufom {Dex+2 SInv} (Okawaru
                  | gifted it to you on level 15 of the Dungeon)
 32227 | D:15     | Received a gift from Okawaru
 32813 | Snake:1  | Entered Level 1 of the Snake Pit
 33013 | Snake:1  | Noticed Frances
 33069 | Snake:1  | Killed Frances
 33321 | Snake:1  | Noticed Josephine
 33444 | Snake:1  | Noticed Louise
 33456 | Abyss:3  | Cast into level 3 of the Abyss (Louise)
 33526 | Abyss:3  | Reached XP level 17. HP: 68/158 MP: 23/23
 33526 | Abyss:3  | Reached XP level 18. HP: 73/168 MP: 24/24
 33600 | Abyss:3  | Noticed a lich
 33617 | Abyss:3  | Killed a lich
 33799 | Abyss:4  | Paralysed by accursed screaming for 1 turns
 33801 | Abyss:4  | Noticed a bone dragon
 33805 | Abyss:4  | Paralysed by accursed screaming for 1 turns
 33808 | Abyss:4  | Paralysed by accursed screaming for 1 turns
 33974 | Abyss:4  | Lost intelligence.
 34177 | Abyss:4  | Found a corrupted altar of Lugonu.
 34179 | Snake:1  | Escaped the Abyss
 34691 | Snake:1  | Killed Louise
 35119 | Snake:1  | Identified the +0 chain mail of Gozag's Benevolence {rElec
                  | rC- rN+ Slay+5}
 35229 | Snake:1  | Received a gift from Okawaru
 35235 | Snake:1  | Killed Josephine
 36603 | Snake:2  | You are sucked into a shaft and drop 1 floor!
 37133 | Snake:3  | Received a gift from Okawaru
 37160 | Snake:3  | Found a frozen archway.
 37166 | IceCv    | Entered an ice cave
 37581 | IceCv    | Reached skill level 10 in Ranged Weapons
 40145 | Swamp:1  | Entered Level 1 of the Swamp
 40300 | Snake:4  | Entered Level 4 of the Snake Pit
 40316 | Snake:3  | Identified the +0 pair of boots of Anaesthesia {*Slow
                  | Will++} (Okawaru gifted it to you on level 3 of the Snake
                  | Pit)
 40316 | Snake:3  | Received a gift from Okawaru
 40640 | Snake:3  | Reached XP level 19. HP: 181/181 MP: 25/25
 41425 | Snake:4  | Found a runed translucent door.
 41425 | Snake:4  | Noticed demibob's ghost (adept DsGl)
 43122 | Snake:4  | Got a serpentine rune of Zot
 43666 | Swamp:1  | Identified the +6 hand crossbow of Impatience {flame,
                  | rPois} (Okawaru gifted it to you on level 1 of the Swamp)
 43666 | Swamp:1  | Received a gift from Okawaru
 43723 | Swamp:1  | Identified the -1 hat of the Snail {rC+ Int+4 Dex+3}
 44353 | Swamp:2  | Noticed Jorgrun
 44378 | Swamp:2  | Killed Jorgrun
 44875 | Swamp:3  | Noticed Aizul
 45154 | Swamp:2  | Killed Aizul
 45474 | Swamp:3  | Reached XP level 20. HP: 195/195 MP: 26/26
 45845 | Swamp:4  | Entered Level 4 of the Swamp
 46343 | Swamp:4  | Received a gift from Okawaru
 46350 | Swamp:4  | Reached skill level 15 in Armour
 49183 | Swamp:4  | Noticed DeathPants's ghost (adept MiGl)
 49598 | Swamp:4  | Found a runed translucent door.
 49803 | Swamp:4  | Got a decaying rune of Zot
 50059 | Swamp:4  | Killed DeathPants's ghost
 50409 | Vaults:1 | Entered Level 1 of the Vaults
 50798 | Vaults:1 | Found a transporter.
 50811 | Vaults:1 | Found a transporter.
 51016 | Vaults:1 | Received a gift from Okawaru
 51016 | Vaults:1 | Found the +2 cloak of the Thief {*Fog Slay-2 SInv Stlth+}
 52124 | Vaults:1 | Found Arix's Armour Emporium.
 52806 | Lair:4   | Killed Kilil's ghost
 53259 | Snake:4  | Killed demibob's ghost
 53645 | Vaults:2 | Reached XP level 21. HP: 192/204 MP: 28/28
 55015 | Vaults:2 | Received a gift from Okawaru
 55637 | Vaults:2 | Noticed Jory
 55650 | Vaults:2 | Killed Jory
 56003 | Vaults:2 | Found a staircase to the Crypt.
 56429 | Vaults:2 | Identified the +7 quick blade of Perversion {freeze, Drain
                  | rCorr Int+3 SInv} (Okawaru gifted it to you on level 2 of
                  | the Vaults)
 56429 | Vaults:2 | Received a gift from Okawaru
 57823 | Vaults:2 | Reached XP level 22. HP: 209/213 MP: 28/30
 59133 | Vaults:3 | Received a gift from Okawaru
 59504 | Vaults:3 | Identified the +1 ring mail of Jiun {rF- rCorr Str+2 Dex+7}
 60578 | Vaults:4 | Identified the +3 robe "Hobe" {-Tele Will+ Int+7} (Okawaru
                  | gifted it to you on level 4 of the Vaults)
 60578 | Vaults:4 | Received a gift from Okawaru
 60646 | Vaults:4 | Identified the +5 dagger "Dymp" {chaos, rC+ Str+4 Int-3}
 62518 | Elf:1    | Entered Level 1 of the Elven Halls
 62642 | Elf:1    | Reached XP level 23. HP: 204/220 MP: 31/31
 62696 | Elf:1    | Found a transporter.
 62702 | Elf:1    | Found a one-way gate to the infinite horrors of the Abyss.
 62702 | Elf:1    | Noticed Eciono's ghost (adept GnDe)
 62706 | Elf:1    | Found Vishoco's Book Emporium.
 62742 | Elf:1    | Found a transporter.
 62848 | Elf:1    | Received a gift from Okawaru
 63552 | Elf:2    | Found Xodur's Book Shoppe.
 63570 | Elf:2    | Paralysed by an air elemental for 1 turns
 63577 | Elf:2    | Paralysed by an air elemental for 1 turns
 63802 | Elf:2    | Found Edaciomiug's Armour Shoppe.
 63892 | Elf:2    | Noticed Nikola
 63908 | Elf:2    | Killed Nikola
 63993 | Elf:2    | Found a runed translucent gate.
 64060 | Elf:2    | Found a runed translucent gate.
 64070 | Elf:2    | Found a runed translucent gate.
 64071 | Elf:2    | Noticed varamyr's ghost (adept DrEE)
 64089 | Elf:2    | Identified Roxanne's Tome of Scree
 64089 | Elf:2    | Noticed Roxanne
 64090 | Elf:2    | Found Sozekkon's Armour Shoppe.
 64164 | Elf:2    | Found Ocsuonio's General Store.
 64198 | Elf:2    | Paralysed by an air elemental for 1 turns
 64304 | Elf:2    | Identified the +8 shortbow of Esinic {heavy, Fly Will-
                  | Int+7}
 64361 | Elf:2    | Found a runed translucent gate.
 64362 | Elf:2    | Found a runed translucent gate.
 64362 | Elf:2    | Found a runed translucent gate.
 64416 | Elf:2    | Found Iqivvyann's Magic Scroll Boutique.
 64432 | Elf:2    | Bought a scroll of teleportation for 54 gold pieces
 64728 | Elf:2    | Noticed Asterion
 64782 | Elf:2    | Killed Asterion
 65159 | Elf:2    | Identified the +2 hat "Umibiy" {Int+3 Dex+4} (Okawaru
                  | gifted it to you on level 2 of the Elven Halls)
 65159 | Elf:2    | Received a gift from Okawaru
 65449 | Elf:2    | Killed varamyr's ghost
 65578 | Elf:2    | Identified the +1 pair of gloves "Dekhlestrue" {rN+}
 65579 | Elf:2    | Identified the +2 cloak "Ammoucze" {Rampage rPois}
 65607 | Elf:3    | Entered Level 3 of the Elven Halls
 65638 | Elf:3    | Found a flickering gateway to a bazaar.
 65645 | Bazaar   | Entered a bazaar
 65659 | Bazaar   | Found Vehuu's Magic Scroll Shoppe.
 65659 | Bazaar   | Found Westry's Antique Weapon Emporium.
 65670 | Bazaar   | Bought a scroll of blinking for 112 gold pieces
 65670 | Bazaar   | Bought a scroll of teleportation for 45 gold pieces
 65670 | Bazaar   | Bought a scroll of torment for 142 gold pieces
 65670 | Bazaar   | Bought a scroll of blinking for 112 gold pieces
 65681 | Bazaar   | Found Ifiqa's Antique Weapon Shoppe.
 65681 | Bazaar   | Found Mopteem's Weapon Emporium.
 65703 | Bazaar   | Found Gaotun's Assorted Antiques.
 65703 | Bazaar   | Found Rusadduf's Book Emporium.
 65714 | Bazaar   | Bought a scroll of teleportation for 81 gold pieces
 65768 | Elf:3    | Found a magical portal.
 65781 | WizLab   | Entered Doroklohe's Tomb
 66001 | WizLab   | Noticed a dread lich
 66022 | WizLab   | Killed a dread lich
 66713 | Elf:3    | Identified the +4 scimitar of the Morning {heavy, rN+
                  | rCorr}
 67176 | Elf:3    | Identified the ring "Plog" {+Blink Fly}
 67230 | Elf:3    | Identified the +5 war axe of Meufreph {freeze, rF++ Stlth-}
 67249 | Elf:3    | Identified the +6 spear of the Ghost {pain, rElec Will+}
 68141 | Elf:3    | Identified the +7 shortbow "Wenaener" {drain, *Corrode
                  | rN++}
 68180 | Elf:3    | Identified the +4 ring mail of the Gate {Harm rElec rPois}
 68571 | Crypt:1  | Entered Level 1 of the Crypt
 68708 | Vaults:2 | Reached XP level 24. HP: 84/228 MP: 31/31
 69161 | Crypt:1  | Noticed Frederick
 70653 | Vaults:2 | Killed Frederick
 70653 | Vaults:2 | Received a gift from Okawaru
 71810 | Crypt:1  | Identified the +0 hat of Gynietuewk {rElec} (Okawaru gifted
                  | it to you on level 1 of the Crypt)
 71810 | Crypt:1  | Received a gift from Okawaru
 73698 | Crypt:2  | Found an ancient bone altar of Kikubaaqudgha.
 74553 | Crypt:3  | Entered Level 3 of the Crypt
 76332 | Crypt:3  | Got the Almanac of Dislocated Envenoming
 76354 | Crypt:3  | Found a staircase to the Tomb.
 76357 | Crypt:3  | Noticed Grunn
 76656 | Crypt:3  | Killed Grunn
 77391 | Crypt:3  | Identified the +4 hand crossbow "Lyaj" {heavy, Int+3}
                  | (Okawaru gifted it to you on level 3 of the Crypt)
 77391 | Crypt:3  | Received a gift from Okawaru
 77724 | Crypt:3  | Reached skill level 27 in Unarmed Combat
 77743 | Crypt:3  | Reached XP level 25. HP: 129/235 MP: 32/32
 78062 | Crypt:3  | Reached skill level 15 in Invocations
 78106 | Crypt:3  | Found a basalt altar of Yredelemnul.
 78525 | Crypt:3  | Identified the +8 broad axe "Maulukaw" {venom, Str+4}
 78561 | Crypt:3  | Noticed a dread lich
 78600 | Crypt:3  | Killed a dread lich
 79061 | Tomb:1   | Entered Level 1 of the Tomb of the Ancients
 79927 | Vaults:5 | Entered Level 5 of the Vaults
 79953 | Vaults:4 | Received a gift from Okawaru
 80642 | Vaults:5 | Reached skill level 5 in Dodging
 81574 | Vaults:5 | Noticed a dread lich
 81627 | Vaults:4 | Killed a dread lich
 82060 | Vaults:5 | Reached XP level 26. HP: 227/246 MP: 34/34
 82062 | Vaults:5 | Identified the +5 great mace of Exquisite Death {venom,
                  | Str+2}
 82074 | Vaults:5 | Identified the +5 scale mail "Tamiraimp" {-Tele +Inv Int+3
                  | Stlth+} (Okawaru gifted it to you on level 5 of the Vaults)
 82074 | Vaults:5 | Received a gift from Okawaru
 83753 | Vaults:5 | Reached XP level 27. HP: 256/256 MP: 34/34
 83817 | Vaults:5 | Found Hoinlat's Antique Armour Shop.
 83918 | Vaults:5 | Got a silver rune of Zot
 83953 | Vaults:5 | Identified the +1 robe of Silelec {Dex+2}
 84172 | Vaults:5 | Identified the +4 scale mail "Zomul" {rPois rC+ Regen+
                  | Str-4}
 84312 | Vaults:5 | Identified the +1 ring mail of the Hurling Gods {rN+}
 84639 | Depths:1 | Entered Level 1 of the Depths
 84891 | Abyss:4  | Cast into level 4 of the Abyss (deep elf blademaster)
 84907 | Elf:1    | Escaped the Abyss
 84944 | Elf:1    | Killed Eciono's ghost
 85303 | Elf:2    | Killed Roxanne
 85607 | Depths:1 | Found Ugulynem's Antique Weapon Shop.
 85797 | Depths:1 | Found a gateway to Hell.
 86277 | Depths:1 | Identified the +0 leather armour of Midsummer {Stlth+}
 86672 | Depths:1 | Noticed the Enchantress
 86697 | Depths:1 | Killed the Enchantress
 86852 | Depths:1 | Found a one-way gateway to a ziggurat.
 87333 | Depths:2 | Found a one-way gate leading to the halls of Pandemonium.
 87474 | Depths:2 | Identified the ring "Zuejyph" {AC+4 Dex+8}
 87990 | Depths:2 | Identified the +12 flail "Esongimi" {heavy, Will+ Dex+2}
 88360 | Depths:2 | Found a runed translucent gate.
 88360 | Depths:2 | Found a runed translucent gate.
 88361 | Depths:2 | Found a runed translucent gate.
 88364 | Depths:2 | Noticed Amikeex's ghost (adept TrMo)
 88367 | Depths:2 | Found a viscous altar of Jiyva.
 88663 | Depths:2 | Received a gift from Okawaru
 88696 | Depths:1 | Killed Amikeex's ghost
 89337 | Depths:3 | Noticed Saint Roka
 89350 | Depths:3 | Killed Saint Roka
 89463 | Depths:3 | Found a transporter.
 89465 | Depths:3 | Found the +11 plutonium sword {Contam Stlth-}
 89505 | Depths:3 | Found a shimmering blue altar of Sif Muna.
 89863 | Depths:3 | Noticed Xtahua
 89886 | Depths:3 | Killed Xtahua
 90207 | Depths:3 | Found a transporter.
 90582 | Depths:4 | Entered Level 4 of the Depths
 90752 | Depths:4 | Noticed a juggernaut
 90765 | Depths:4 | Killed a juggernaut
 90809 | Depths:4 | Identified the +0 chain mail of the Accordion {Rampage
                  | Slay+3} (Okawaru gifted it to you on level 4 of the Depths)
 90809 | Depths:4 | Received a gift from Okawaru
 91092 | Depths:4 | Found a snail-covered altar of Cheibriados.
 91582 | Depths:4 | Noticed a juggernaut
 91593 | Depths:4 | Killed a juggernaut
 92187 | D:5      | Bought a scroll of enchant armour for 105 gold pieces
 92187 | D:5      | Bought a scroll of enchant armour for 105 gold pieces
 92577 | Depths:4 | Found a runed translucent door.
 92675 | Depths:4 | Found a runed translucent door.
 92675 | Depths:4 | Found a runed translucent door.
 92740 | Depths:4 | Found a runed translucent door.
 92763 | Depths:4 | Found a runed translucent door.
 92766 | Depths:4 | Found a runed translucent door.
 93066 | Depths:4 | Found a gate to the Realm of Zot.
 93271 | Zot:1    | Entered Level 1 of the Realm of Zot
 94399 | Zot:1    | Identified the +1 robe of Dir Er Kesche {rF- rN+ Str+3}
                  | (Okawaru gifted it to you on level 1 of the Realm of Zot)
 94399 | Zot:1    | Received a gift from Okawaru
 97101 | Zot:3    | Identified the +5 ring mail of the Tormentor {rPois}
 98166 | Zot:3    | Reached skill level 27 in Fighting
 99063 | Zot:4    | Received a gift from Okawaru
 99636 | Zot:4    | Identified the +5 ring mail of Huxodur {Regen+ rCorr Str+2}
 99773 | Zot:4    | Noticed an orb of fire
 99797 | Zot:4    | Killed an orb of fire
100386 | Zot:5    | Entered Level 5 of the Realm of Zot
100953 | Zot:5    | Noticed an orb of fire
100957 | Zot:5    | Noticed an orb of fire
100971 | Zot:5    | Killed an orb of fire
100976 | Zot:5    | Noticed an orb of fire
100987 | Zot:5    | Killed an orb of fire
100999 | Zot:5    | Killed an orb of fire
101293 | Zot:5    | Received a gift from Okawaru
101296 | Zot:5    | Noticed an orb of fire
101319 | Zot:5    | Killed an orb of fire
101550 | Zot:5    | Noticed an ancient lich
102002 | Zot:5    | Killed an ancient lich
102002 | Zot:5    | Identified the +1 pair of gloves of Inviolability {*Corrode
                  | Str+8} (Okawaru gifted it to you on level 5 of the Realm of
                  | Zot)
102002 | Zot:5    | Received a gift from Okawaru
102556 | Zot:5    | Noticed an orb of fire
102566 | Zot:5    | Killed an orb of fire
102950 | Zot:5    | Noticed an ancient lich
102976 | Zot:5    | Killed an ancient lich
102977 | Zot:5    | Reached skill level 27 in Armour
103495 | Zot:5    | Noticed an orb of fire
103513 | Zot:5    | Killed an orb of fire
103797 | Zot:5    | Noticed an orb of fire
103813 | Zot:5    | Killed an orb of fire
103941 | Zot:5    | Got the Orb of Zot
104037 | Zot:4    | Noticed Kaytu the pandemonium lord
104084 | Zot:2    | Noticed Huwe the pandemonium lord
104099 | Zot:1    | Noticed Sid Huny the pandemonium lord
104626 | D:3      | Noticed Fituader the pandemonium lord
104695 | D:1      | Noticed Firghil the pandemonium lord
104696 | D:$      | Escaped with the Orb!

Illustrated notes

Levels and vault maps discovered:
D:1:      erik_arrival_orb_chamber, layout_loops_ring,
          shapermc_ecumenical_altar_mp_ritualfount
D:2:      layout_rooms
D:3:      layout_rooms, led_xom_imps, nicolae_overflow_hidden_temple
D:4:      wad_woods_tower, layout_loops_cross, minmay_temple_entry_butterflies,
          chequers_serial_rivers_micro_b
D:5:      layout_loops_ring, cheibrodos_ashenzari_chains, serial_shops,
          kennysheep_mini_moat, hex_tiny, hangedman_decor_growths,
          ebering_dispersal_statue_hall, uniq_pikel, uniq_edmund
D:6:      layout_cave_pools, serial_shops, nicolae_shop_statue_plus,
          uniq_sigmund
D:7:      layout_rooms, minitemple, st_stairs_8, patterned_corridor, uniq_maggie
D:8:      layout_rooms, david_lair_shrubbed, enter_bailey_2, uniq_psyche
D:9:      minmay_cornered_nines, layout_loops_ring,
          grunt_temple_overflow_order_and_chaos_2, kiku_gazebo_pond_becter,
          erik_orc_2
D:10:     layout_roguey, uniq_gastronok
D:11:     layout_loops_corners
D:12:     layout_grid_maze, chequers_avenue, kennysheep_path_1
D:13:     layout_roguey, grunt_vaults_entry_tiered, serial_shops, shop,
          nicolae_shop_statue_plus, eino_house_with_fridge
D:14:     layout_cross, minmay_staircase_bubble
D:15:     grunt_enter_depths_snipers, layout_rooms, serial_undead,
          serial_undead_f, serial_undead_d, serial_undead_c, serial_undead_c,
          serial_undead_c, serial_undead_d, serial_undead_a, serial_undead_b,
          serial_undead_a, serial_undead_b, grunt_ministairs_10, dispersion_dpeg
Temple:   hellmonk_temple_divided_pantheon
Lair:1:   layout_cave_pods, grunt_megastairs_4
Lair:2:   layout_regular_city, guppyfry_lair_drakes, serial_bayou_shore_a,
          serial_bayou_shore_b, uniq_harold
Lair:3:   layout_regular_city, minmay_swamp_entry_worms,
          nicolae_snake_entry_squirm, nzn_random_ring, uniq_amaemon
Lair:4:   layout_regular_city, gammafunk_ghost_wrathful_warriors, uniq_kirke,
          uniq_rupert
Lair:5:   hangedman_lair_in_review, layout_regular_city, wormcave,
          slime_entry_1, grunt_forest_small_clearings
Swamp:1:  layout_basic_swamp, evilmike_swamp_ruin_house_6, swamp_pool3,
          nicolae_swamp_round_clearing
Swamp:2:  layout_basic_swamp, evilmike_swamp_ruin_house_1, swamp_pool1,
          infiniplex_staircase_pool_2, uniq_jorgrun
Swamp:3:  layout_basic_swamp, nicolae_swamp_bean_lake, uniq_aizul
Swamp:4:  swamp, layout_basic_swamp, hellmonk_ghost_happy_afterlife
Snake:1:  layout_rooms, grunt_ministairs_11,
          nicolae_snake_yet_another_twisty_hallway, uniq_frances, uniq_louise,
          uniq_josephine
Snake:2:  layout_onion_interference
Snake:3:  nrook_guardian_serpent_snake_passage, layout_grid_shapes,
          portal_ice_cave_entry_pillars_2, st_stairs_11
Snake:4:  snake_pit_salamanders_mu, layout_layer_cave, ebering_ghost_inner_flame
Orc:1:    layout_caves, uniq_urug
Orc:2:    st_orc_ogre_mass, layout_caves, bloody_makhleb, uniq_donald,
          uniq_erolcha
Elf:1:    nicolae_elf_arrival_aired_out, layout_gridlike,
          gammafunk_ghost_abyssal_escape, serial_shops, shop, minivault_28,
          nicolae_concentric_dashed_squares_wild
Elf:2:    nicolae_elf_blades_crystal_corner, layout_onion_city, serial_shops,
          nicolae_stop_n_shop_2, nicolae_lakefront_shop, nicolae_stop_n_shop_2,
          nicolae_shop_waterfront, shop, gammafunk_ghost_tricky_traps,
          solitary_fountain, dk_noncrumbling_3, uniq_roxanne, uniq_asterion,
          uniq_nikola
Elf:3:    grunt_elf_hall_branching, layout_geoelf_diagonals, serial_shops,
          bzr_entry_dummy, infiniplex_enter_wizlab_water
Vaults:1: gammafunk_sealed_arena, hangedman_vaults_stagger, vaults_room_boxed,
          grunt_vaults_trifunnel, hangedman_vaults_maws, v_pattern_2,
          nicolae_vaults_diagonal_hallway_7, nicolae_vaults_little_squares_2,
          serial_ice_g, ontoclasm_vaults_loading_screen, grunt_vaults_funnel,
          layout_vaults_omnicross, serial_shops, nicolae_shop_waterfront
Vaults:2: minmay_crypt_entry_simple_corners, nicolae_vaults_c_with_doors,
          hangedman_vaults_impose, nicolae_vaults_arrows,
          nicolae_vaults_bisected_inception, nicolae_vaults_alarming, v_misc_9,
          v_misc_18, nicolae_vaults_ring_of_whatevers, layout_vaults_omnibox,
          uniq_jory
Vaults:3: ontoclasm_vaults_ring_square, v_misc_3, hangedman_vaults_stream,
          nicolae_vaults_circle_grid_b, hangedman_vaults_nodes, v_misc_4,
          nicolae_vaults_angled_halls, nicolae_vaults_an_arrangement,
          hangedman_vaults_maws, serial_ice_h, vaults_dpeg_cross,
          layout_vaults_ring
Vaults:4: nicolae_vaults_shelves_hall, vaults_mumra_hexcomb,
          ontoclasm_vaults_shuriken, vaults_mumra_hex, dpeg_vaults_monster_box,
          vaults_dpeg_diagonal, nicolae_vaults_border_crossing,
          layout_vaults_omnigrid
Vaults:5: serial_shops
Crypt:1:  layout_rooms, uniq_frederick
Crypt:2:  layout_gridlike, basic_altar, glass_columns_b
Crypt:3:  church_of_pain_bobbens, layout_chaotic_city, uniq_grunn
Tomb:1
Depths:1: layout_gridlike, enter_ziggurat_f, hell_entry,
          nicolae_inconvenience_store, kennysheep_two_boxes, firewood_loft,
          kennysheep_random_hallway, uniq_enchantress
Depths:2: minmay_thick_lines, layout_gridville, rand_demon_pan_entry_1,
          gammafunk_ghost_ooze, grunt_hell_entry_dis_grunt
Depths:3: gammafunk_its_a_trap, layout_gridlike, hell_entry,
          minmay_room_of_horrors, nicolae_sif_muna_condensation, uniq_xtahua,
          uniq_saint_roka
Depths:4: evilmike_zot_entry_castle, layout_gridlike, hell_entry,
          abyss_entry_crystal, minmay_misc_feat_pillars, slow_altar_2
Zot:1:    lemuel_firehouse, layout_onion_interference
Zot:2:    layout_cathedral_of_symmetry
Zot:3:    layout_concentric_octagons
Zot:4:    grunt_twist_and_shout, layout_onion_interference, st_stairs_14,
          zot_minivault_1
Zot:5:    layout_misc_corridors

Skill      XL: |  1  2  3  4  5  6  7  8  9 10 11 12 13 14 15 16 17 18 19 20 21 22 23 24 25 26 27 |
---------------+----------------------------------------------------------------------------------+-----
Fighting       | 4 5 6 7 9 10 11 12 13 14 16 18 20 21 22 27 | 27.0
Unarmed Combat | 4 5 6 7 9 10 11 12 13 14 15 16 17 18 19 21 22 24 26 27 | 27.0
Armour         | 2 4 5 7 8 9 11 12 13 14 16 17 18 20 21 27 | 27.0
Shields        | 2 4 5 7 8 9 11 12 13 14 | 14.5
Invocations    | 3 5 7 9 10 11 12 14 17 | 17.9
Ranged Weapons | 1 5 7 8 9 10 13 | 13.1
Dodging        | 5 6 7 |  7.7
Stealth        | |  2.1

Action                   |  1- 3 |  4- 6 |  7- 9 | 10-12 | 13-15 | 16-18 | 19-21 | 22-24 | 25-27 || total
-------------------------+-------+-------+-------+-------+-------+-------+-------+-------+-------++-------
Melee: Unarmed           |    89 |   185 |   258 |   688 |  1364 |  1128 |  1703 |  1997 |  3346 || 10758
       Punch             |     1 |     3 |    10 |       |       |       |       |       |       ||    14
 Fire: Hand crossbow     |       |       |       |       |    17 |       |    15 |       |    19 ||    51
Invok: Heroism           |       |       |       |     9 |    17 |    13 |    20 |    15 |    18 ||    92
       Finesse           |       |       |       |       |       |       |       |       |     5 ||     5
Evoke: Wand              |       |       |       |       |       |       |       |     6 |     2 ||     8
  Use: Scroll            |       |       |     5 |    10 |    14 |     7 |     3 |     3 |    22 ||    64
       Potion            |       |       |     1 |       |     1 |    10 |       |     4 |     8 ||    24
 Stab: Sleeping          |     3 |       |       |       |       |       |       |       |       ||     3
       Petrified         |       |       |       |     1 |     1 |       |       |       |       ||     2
       Distracted        |       |       |       |       |       |     1 |       |       |       ||     1
Armor: Ring mail         |    29 |    53 |       |       |       |       |       |       |       ||    82
       Robe              |     1 |       |       |       |       |       |       |       |       ||     1
       Chain mail        |       |    18 |   103 |   162 |       |       |       |       |       ||   283
       Plate armour      |       |       |       |   120 |   596 |   533 |   906 |   868 |   663 ||  3686
       Gold dragon scale |       |       |       |       |       |       |       |       |   653 ||   653
Dodge: Dodged            |    47 |   107 |    66 |   103 |   212 |   222 |   381 |   406 |   602 ||  2146
Block: Kite shield       |       |       |     9 |   537 |  1281 |  1135 |  1692 |  1564 |  2563 ||  8781
       Reflection        |       |       |       |    33 |    11 |    85 |    81 |    84 |    55 ||   349
       Buckler           |       |       |       |       |       |    14 |       |       |       ||    14

Table legend: (Time is in decaauts)
 A = Elapsed time spent in this place.
 B = Non-inter-level travel time spent in this place.
 C = Inter-level travel time spent in this place.
 D = Time resting spent in this place.
 E = Time spent auto-exploring this place.
 F = Levels seen in this place.
 G = Mean time per level.
                   A        B        C        D        E       F      G
               +--------+--------+--------+--------+--------+-----+--------+
         Total | 101926 |  95443 |   6483 |  36281 |  38883 |  60 | 1698.8 |
       Dungeon |  21792 |  18833 |   2959 |   5733 |   8970 |  15 | 1452.8 |
        Temple |     40 |     30 |     10 |      0 |      0 |   1 |   40.0 |
          Lair |   9736 |   8794 |    942 |   1940 |   5068 |   5 | 1947.2 |
         Swamp |   6817 |   6646 |    171 |   3709 |   1964 |   4 | 1704.2 |
     Snake Pit |   7128 |   6805 |    323 |   2047 |   3422 |   4 | 1782.0 |
  Orcish Mines |   3670 |   3474 |    196 |   2037 |    818 |   2 | 1835.0 |
   Elven Halls |   5426 |   5219 |    207 |    740 |   3046 |   3 | 1808.7 |
        Vaults |  17695 |  17001 |    694 |   8447 |   5418 |   5 | 3539.0 |
         Crypt |   6911 |   6761 |    150 |   3243 |   2203 |   3 | 2303.7 |
          Tomb |    680 |    619 |     61 |    131 |    169 |   1 |  680.0 |
        Depths |   7767 |   7296 |    471 |   1985 |   3719 |   4 | 1941.8 |
           Zot |   9660 |   9368 |    292 |   4118 |   3104 |   5 | 1932.0 |
         Abyss |    763 |    763 |      0 |    455 |      0 |   4 |  190.8 |
        Bazaar |     88 |     88 |      0 |      0 |     68 |   1 |   88.0 |
        Bailey |   1337 |   1337 |      0 |    616 |    172 |   1 | 1337.0 |
      Ice Cave |   1774 |   1774 |      0 |    992 |    463 |   1 | 1774.0 |
        Wizlab |    636 |    636 |      0 |     86 |    277 |   1 |  636.0 |
               +--------+--------+--------+--------+--------+-----+--------+

Top non-repeatable levels by time:
Vaults:2: 5476 daAuts
Vaults:4: 3947 daAuts
Vaults:1: 3615 daAuts
 Crypt:2: 3600 daAuts
    D:13: 3276 daAuts
 Swamp:3: 3240 daAuts
   Orc:1: 2649 daAuts
Depths:4: 2642 daAuts
   Zot:4: 2598 daAuts
  Lair:5: 2578 daAuts
     D:9: 2577 daAuts
 Snake:4: 2544 daAuts
  Lair:3: 2444 daAuts
    D:14: 2435 daAuts
   Elf:2: 2422 daAuts
